Map: Crête de Lerilak

Players

Worming - Winner!

  • Race: Zerg Zerg
  • League: Diamond

artist

  • Race: Protoss Protoss
  • League: Diamond

VOD

Have the link to the VOD?

Description

Time

  • Played on: Dec. 10, 2015, 12:36 p.m.
  • Length: 14:37
Show
View Real Time Build Order
Export as new Build Order

Worming Zerg - Winner!

Build Orders: Hatch First 

Get SALT Encoding   

  12  0:01  Drone  
  13  0:12  Overlord  
  13  0:17  Drone  
  14  0:24  Extractor  
  14  0:27  Drone  
  15  0:35  Drone  
  16  0:45  Drone  
  17  0:53  Hatchery  
  17  0:57  Drone  
  17  1:10  Spawning Pool  
  16  1:14  Drone  
  17  1:20  Drone  
  17  1:24  Extractor  
  17  1:29  Drone  
  18  1:39  Overlord  
  19  2:01  Zergling x4  
  19  2:02  Queen  
  19  2:05  Drone  
  19  2:06  Queen  
  25  2:11  Drone  
  26  2:17  Drone  
  27  2:29  Drone x2  
  29  2:30  Metabolic Boost  
  29  2:32  Zergling x2  
  30  2:38  Overlord  
  30  2:42  Queen  
  32  2:48  Overlord  
  32  2:51  Zergling x2  
  33  2:58  Drone  
  33  3:04  Drone  
  35  3:07  Overlord  
  35  3:10  Drone  
  36  3:20  Drone x6  
  42  3:37  Extractor  
  41  3:45  Evolution Chamber x2  
  41  3:46  Drone x2  
  42  3:56  Hatchery  
  40  4:09  Overlord x2  
  40  4:11  Zerg Melee Weapons Level 1  
  40  4:12  Zerg Ground Armor Level 1  
  39  4:25  Drone x9, Extractor  
  39  4:26  Drone, Extractor  
  45  4:38  Roach Warren  
  45  4:39  Drone x3  
  45  4:40  Drone  
  45  4:42  Drone  
  49  4:48  Spine Crawler  
  48  5:04  Overlord x3, Spine Crawler  
  48  5:05  Zergling x6  
  50  5:19  Roach x4  
  58  5:27  Roach x3  
  55  5:43  Spore Crawler  
  55  5:44  Spore Crawler  
  49  5:56  Spore Crawler  
  45  6:01  Spine Crawler  
  45  6:02  Lair  
  38  6:34  Zergling x2  
  38  6:35  Zergling x2  
  38  6:36  Hatchery  
  38  6:37  Roach Warren  
  38  6:45  Spine Crawler  
  34  7:15  Zergling x10  
  37  7:25  Zergling x6  
  39  7:39  Spine Crawler  
  39  7:41  Spawning Pool  
  39  7:42  Hatchery  
  34  7:49  Roach x2  
  31  8:05  Roach x3  
  35  8:26  Roach  
  35  8:27  Roach x4  
  33  8:42  Zergling x2  
  34  8:57  Zergling x8  
  34  9:01  Overseer  
  38  9:17  Drone x4  
  37  9:34  Roach x2  
  37  9:35  Roach  
  33  9:47  Zergling x4  
  33  9:49  Zergling x4  
  33  10:01  Drone x4  
  36  10:12  Drone x2  
  33  10:22  Zergling x4  
  31  10:34  Zergling x4  
  31  10:38  Zergling x2  
  31  10:39  Queen  
  33  10:48  Zergling x4  
  33  10:58  Roach x2  
  36  11:04  Queen  
  38  11:15  Roach  
  38  11:16  Roach x4  
  48  11:27  Roach x4  
  41  11:54  Zergling x10  
  41  11:55  Zergling x4  
  46  12:09  Drone x6  
  52  12:19  Overlord  
  52  12:20  Zergling x6  
  52  12:40  Zergling x2  
  52  12:41  Zergling x12  
  52  13:12  Drone x2  
  49  13:13  Extractor  
  42  13:31  Overlord x2  
  42  13:32  Drone  
  42  13:33  Drone x2, Zergling x2  
  46  13:41  Roach x4  
  54  13:44  Drone x2  
  54  14:04  Zergling x14  
Show
View Real Time Build Order
Export as new Build Order

artist Protoss 

Build Orders: Mass Adepts, Zealot Archon, Dark Templar Rush 

Get SALT Encoding   

  12  0:01  Probe (Chrono Boost)  
  13  0:12  Probe (Chrono Boost)  
  14  0:19  Pylon  
  14  0:23  Probe (Chrono Boost)  
  15  0:38  Probe (Chrono Boost)  
  15  0:40  Gateway  
  16  0:45  Assimilator  
  16  0:49  Probe (Chrono Boost)  
  17  0:59  Probe (Chrono Boost), Assimilator  
  18  1:10  Probe (Chrono Boost)  
  19  1:14  Gateway  
  19  1:20  Probe (Chrono Boost)  
  20  1:30  Cybernetics Core  
  20  1:34  Probe (Chrono Boost)  
  21  1:44  Probe (Chrono Boost)  
  22  1:48  Pylon  
  22  1:55  Probe (Chrono Boost)  
  23  2:07  Adept x2  
  27  2:11  Mothership Core (Chrono Boost)  
  27  2:14  Warp Gate (Chrono Boost)  
  29  2:23  Pylon  
  29  2:30  Pylon  
  29  2:37  Pylon  
  29  2:46  Pylon  
  29  3:06  Twilight Council  
  29  3:19  Adept  
  31  3:21  Gateway  
  31  3:24  Gateway  
  31  3:32  Gateway  
  31  3:33  Pylon  
  31  3:42  Pylon  
  31  3:46  Resonating Glaives (Chrono Boost)  
  31  3:47  Dark Shrine  
  29  4:17  Adept x2  
  31  4:28  Pylon  
  31  4:39  Adept x5  
  41  4:46  Pylon  
  41  5:00  Dark Templar x2  
  41  5:02  Dark Templar  
  47  5:13  Dark Templar  
  45  6:02  Dark Templar x2  
  45  6:04  Zealot x3  
  43  6:25  Archon x2  
  41  6:28  Stalker x3  
  47  6:42  Stalker  
  47  6:45  Stalker  
  51  6:54  Nexus  
  49  7:27  Stalker x4  
  56  8:00  Adept x2  
  56  8:04  Adept  
  38  8:46  Dark Templar x3  
  44  8:49  Adept  
  44  8:51  Probe x2  
  46  9:02  Probe  
  44  9:03  Probe  
  46  9:11  Archon  
  46  9:12  Dark Templar  
  46  9:14  Zealot  
  50  9:18  Probe  
  50  9:21  Assimilator  
  49  9:25  Assimilator  
  49  9:28  Zealot  
  49  9:30  Probe  
  40  9:57  Stalker x4  
  38  10:21  Adept  
  38  10:23  Adept x4  
  38  10:45  Adept x4  
  38  10:46  Adept  
  46  10:58  Probe x2  
  48  11:08  Probe  
  48  11:11  Probe  
  50  11:20  Stalker x2  
  50  11:21  Robotics Facility  
  50  11:23  Probe  
  53  11:29  Sentry  
  55  11:34  Probe  
  56  11:49  Stalker x3  
  48  12:02  Probe  
  49  12:13  Probe  
  49  12:23  Probe  
  49  12:25  Pylon  
  49  12:26  Adept  
  49  12:27  Adept x3  
  48  12:52  Immortal (Chrono Boost)  
  37  13:49  Adept x2  
Tags
 
Add a new tag
Caveats
  • Supply blocks, unpowered buildings, or Contaminate may cause inaccurate times.
  • Supply counts are checked every 10 seconds.